 Dungeon Crawl Stone Soup version 0.31-a0-986-g5e6e4ef867 (webtiles) character file.

Game seed: 13727478537207302778

141 promet the Chiller (level 5, 0/29 HPs)
             Began as a Deep Elf Ice Elementalist on Nov 21, 2023.
             Killed from afar by an orc wizard (11 damage)
             ... with a puff of flame
             ... on level 3 of the Dungeon.
             The game lasted 00:15:51 (3699 turns).

promet the Chiller (Deep Elf Ice Elementalist)      Turns: 3699, Time: 00:15:51

Health: 0/29       AC:  4    Str:  7    XL:     5   Next: 3%
Magic:  10/12      EV: 13    Int: 20    God:
Gold:   144        SH:  0    Dex: 21    Spells: 7/11 levels left

rFire   . . .        a - +0 flail
rCold   . . .        (no shield)
rNeg    . . .        e - +0 robe
rPois   .            k - +0 helmet
rElec   .            (no cloak)
rCorr   .            (no gloves)
SInv    .            q - +0 pair of boots
Will    .....        (no amulet)
Stlth   +++          p - +6 ring of dexterity
HPRegen 0.24/turn    (no ring)
MPRegen 0.13/turn

%: no passive effects
@: no status effects
A: no striking features
a: no special abilities


You were on level 3 of the Dungeon.
You visited 1 branch of the dungeon, and saw 3 of its levels.

You collected 144 gold pieces.

Inventory:

Hand Weapons
 a - a +0 flail (weapon)
 b - a +0 sling
 l - a +0 dagger
Missiles
 j - 14 stones
Armour
 e - a +0 robe (worn)
 k - a +0 helmet (worn)
 q - a +0 pair of boots (worn)
Jewellery
 p - a +6 ring of dexterity (left hand)
Scrolls
 c - 3 scrolls of identify {unknown}
 m - a scroll of teleportation {unknown}
Potions
 d - a potion of magic
 f - a potion of resistance {unknown}
 g - a potion of heal wounds {unknown}
 h - a potion of brilliance {unknown}
 i - a potion of invisibility {unknown}
 n - a potion of cancellation {unknown}
 o - a potion of curing {unknown}


   Skills:
 * Level 1.1 Fighting
 + Level 3.4 Ranged Weapons
 + Level 2.6 Dodging
 + Level 3.0 Stealth
 + Level 3.8 Spellcasting
 + Level 5.1 Ice Magic


You had 7 spell levels left.
You knew the following spells:

 Your Spells              Type           Power      Damage    Failure   Level
a - Freeze                Ice            96%        1d10      1%          1
b - Frozen Ramparts       Ice            48%        1d8       4%          3

Your spell library contained the following spells:

 Spells                   Type           Power      Damage    Failure   Level
 Ozocubu's Armour         Ice            24%        N/A       4%          3
 Summon Ice Beast         Ice/Summ       14%        N/A       41%         4


Dungeon Overview and Level Annotations

Branches:
Dungeon (3/15)

Altars:


Message History

The orc wizard barely misses you. The orc misses you.
Casting: Freeze (safe; 1% risk of failure)
Confirm with . or Enter, or press ? or * to list all spells.
Aiming: Freeze (safe; 1% risk of failure)
Press: ? - help, Shift-Dir - straight line, f - orc wizard, p - orc
Aim: an orc wizard, wielding a +0 dagger and wearing a +0 robe You freeze the orc wizard.
The orc wizard is heavily wounded.
The orc wizard gestures at you while chanting.
The magic dart hits you. The orc closely misses you.
Casting: Freeze (safe; 1% risk of failure)
Confirm with . or Enter, or press ? or * to list all spells.
Aiming: Freeze (safe; 1% risk of failure)
Press: ? - help, Shift-Dir - straight line, f/p - orc wizard
Aim: an orc wizard, wielding a +0 dagger and wearing a +0 robe (heavily wounded)
You freeze the orc wizard!
You kill the orc wizard!
The orc wizard gestures wildly while chanting.
The orc wizard flickers and vanishes!
Deactivating autopickup; reactivate with Ctrl-A.
The orc hits you with a +0 club.
Your Fighting skill increases to level 1!
You have reached level 5!
Something tries to affect you, but you resist.
The orc hits you with a +0 club.
You hear a shout!
The orc closely misses you.
A magic dart appears from out of thin air!
The magic dart hits you.
You are confused.
The orc barely misses you.
You're too confused to move!
The orc hits you with a +0 club.
You hit the orc.
You kill the orc!
You feel less confused. Something hits you.
You hear some strange, mumbled words.
A puff of flame appears from out of thin air!
The puff of flame hits you!
You die...

.....# ####..#..###.....
####.# #.....#..# #+#.# #.#
#.##.##..# #.#.# ####.#
#.##.##..# #.#.#
...#.####.##.##..####.#.#
.#.#.#...........#....#.######
.#.#.#.....#.###..............
.#..<#.......#.....##.#######.
####.#.....###.#@####.#
...........#...#.# #.# ###
####'###...#.###{####.# #..
#..........#. #.oo....# #.#
#.....####.# #.......# #.#
#.....# #.# #.......#####.#
#.....# #.# #........).o#.#
#.....# #.# #.......###o..#
#.....# #.# #.......# ###.#


You could see 2 orcs.

Vanquished Creatures
  An orc wizard (D:3)
  Robin (D:2)
  3 adders (D:2)
  A worm (D:2)
  3 orcs
  7 endoplasms
  3 giant cockroaches
  10 hobgoblins
  3 jackals (D:2)
  6 kobolds
  A quokka (D:1)
  7 ball pythons
  4 bats
  3 frilled lizards (D:1)
  10 goblins
  5 rats
68 creatures vanquished.

Notes
Turn   | Place    | Note
-------+----------+-------------------------------------------
     0 | D:1      | promet the Deep Elf Ice Elementalist began the quest for
                  | the Orb.
     0 | D:1      | Reached XP level 1. HP: 10/10 MP: 6/6
   370 | D:1      | Reached XP level 2. HP: 15/15 MP: 6/8
   847 | D:1      | Reached skill level 5 in Ice Magic
   850 | D:1      | Reached skill level 1 in Ranged Weapons
  1690 | D:2      | Reached XP level 3. HP: 19/19 MP: 7/9
  2083 | D:2      | Noticed Robin
  2095 | D:2      | Killed Robin
  2101 | D:2      | Reached XP level 4. HP: 16/24 MP: 3/10
  2328 | D:2      | Learned a level 3 spell: Frozen Ramparts
  3686 | D:3      | Reached skill level 1 in Fighting
  3686 | D:3      | Reached XP level 5. HP: 21/29 MP: 8/12
  3699 | D:3      | Killed from afar by an orc wizard

Illustrated notes

Levels and vault maps discovered:
D:1:      zaba_arrival_water, layout_basic
D:2:      layout_loops_ring, uniq_robin
D:3:      layout_basic, serial_corexii_hall, corexii_hall_statues_l,
          corexii_hall_statues_l

Skill      XL: |  1  2  3  4 |
---------------+-------------+-----
Ice Magic      | 5 |  5.1
Ranged Weapons | 1 2 3 |  3.4
Stealth        | 3 |  3.0
Fighting       | 1 |  1.1
Dodging        | |  2.6
Spellcasting   | |  3.8

Action                     |  1- 3 |  4- 6 || total
---------------------------+-------+-------++-------
  Melee: Club              |    14 |       ||    14
         Dagger            |     4 |       ||     4
         Flail             |       |    17 ||    17
         Punch             |       |     1 ||     1
   Fire: Sling             |    59 |    55 ||   114
   Cast: Freeze            |    26 |    18 ||    44
    Use: Scroll            |     2 |       ||     2
   Stab: Sleeping          |     3 |     1 ||     4
 Armour: Robe              |    18 |    32 ||    50
  Dodge: Dodged            |    22 |    53 ||    75

Table legend: (Time is in decaauts)
 A = Elapsed time spent in this place.
 B = Non-inter-level travel time spent in this place.
 C = Inter-level travel time spent in this place.
 D = Time resting spent in this place.
 E = Time spent auto-exploring this place.
 F = Levels seen in this place.
 G = Mean time per level.
                   A        B        C        D        E       F      G
               +--------+--------+--------+--------+--------+-----+--------+
         Total |   3742 |   3546 |    196 |   1154 |   1238 |   3 | 1247.3 |
       Dungeon |   3742 |   3546 |    196 |   1154 |   1238 |   3 | 1247.3 |
               +--------+--------+--------+--------+--------+-----+--------+

Top non-repeatable levels by time:
     D:1: 1734 daAuts
     D:2: 1332 daAuts
     D:3: 675 daAuts
